 Dungeon Sprint DCSS version 0.30-a0-1043-g60ff8d5f49 (webtiles) character file.

Game seed: 17754799781076339473

266 Danienth the Ruffian (level 5, -2/41 HPs)
             Began as a Demigod Transmuter on Apr 9, 2023.
             Slain by a slime creature (18 damage)
             ... in the Dungeon (Sprint I: "Red Sonja").
             The game lasted 00:04:03 (195 turns).

Danienth the Ruffian (Demigod Transmuter)            Turns: 195, Time: 00:04:03

Health: -2/41      AC:  3    Str: 15    XL:     5   Next: 67%
Magic:  13/14      EV: 13    Int: 15    God:
Gold:   162        SH:  0    Dex: 14    Spells: 11/12 levels left

rFire   . . .      SeeInvis .      - Unarmed
rCold   . . .      Faith    .    (no shield)
rNeg    . . .      Spirit   .    j - +0 leather armour
rPois   .          Reflect  .    (helmet currently unavailable)
rElec   .          Rampage  .    (no cloak)
rCorr   .          NoTele   +    (no gloves)
Will    .....                    (boots currently unavailable)
Stlth   ++                       (no amulet)
HPRegen 0.26/turn                (no ring)
MPRegen 0.14/turn                (no ring)

@: appendages
A: horns 2, talons 2, high MP 1, forlorn, divine attributes
a: End Transformation


You were in the Dungeon.
You had temporarily grown beastly horns and talons.
You visited 1 branch You collected 162 gold pieces.

Inventory:

Armour
 a - a +0 robe
 j - a +0 leather armour (worn)
Wands
 i - a wand of paralysis (2)
Scrolls
 h - a scroll of blinking
Potions
 b - a potion of lignification
 c - a potion of curing
 e - a potion of haste
 f - 2 potions of magic
 g - a potion of berserk rage


   Skills:
 + Level 1.7 Fighting
 + Level 0.8 Armour
 + Level 4.2 Dodging
 + Level 4.5 Stealth
 + Level 7.9 Unarmed Combat
 + Level 4.3 Spellcasting
 + Level 4.3 Transmutations


You had 11 spell levels left.
You knew the following spells:

 Your Spells              Type           Power      Damage    Failure   Level
a - Beastly Appendage     Tmut           32%        N/A       3%          1

Your spell library contained the following spells:

 Spells                   Type           Power      Damage    Failure   Level
 Wereblood                Tmut           16%        N/A       5%          2
 Spider Form              Tmut/Pois      9%         N/A       26%         3
 Ice Form                 Ice/Tmut       9%         N/A       65%         4


Dungeon Overview and Level Annotations

Branches:
Dungeon (1/1)


Innate Abilities, Weirdness & Mutations

You have temporarily grown beastly horns and talons.
You have an increased reservoir of magic. (+10% MP)
You shall have no god before yourself.
Your divine heritage dramatically boosts your attributes as you level up.


Message History

Found four altars.
Your horns disappear.
Your talons disappear.
The slime creature quivers.
There is an open door here.
You hit the slime creature.
The slime creature is lightly wounded.
The slime creature misses you.
You hit the slime creature.
The slime creature is lightly wounded.
You punch the slime creature!
The slime creature is moderately wounded.
The slime creature closely misses you.
You completely miss the slime creature.
The slime creature is moderately wounded.
The slime creature hits you!
You punch the slime creature!
The slime creature is heavily wounded.
The slime creature hits you!
You hit the slime creature but do no damage.
The slime creature is moderately wounded.
The slime creature hits you!
You punch the slime creature!
The slime creature is heavily wounded.
The slime creature barely misses you.
You punch the slime creature!
The slime creature is severely wounded.
The slime creature hits you but does no damage.
You hit the slime creature but do no damage.
The slime creature is severely wounded.
Casting: Beastly Appendage (safe; 3% risk of failure)
Confirm with . or Enter, or press ? or * to list all spells.
You grow a pair of large bovine horns.
Your feet morph into talons.
The slime creature hits you.
You hit the slime creature but do no damage.
The slime creature is severely wounded.
The slime creature barely misses you.
You punch the slime creature! You claw the slime creature!
The slime creature is almost dead.
The slime creature hits you!!
You die...

###################
#<.#..').#.)'..#__#
#..').#..'..#..@J.+
#..#####'#####+#__#
#..# #..# ### #..#
#### #..# #⌠⌠# ####


You could see a slime creature.

Vanquished Creatures
  Sigmund (D)
  An ogre (D)
  Ijyb (D)
3 creatures vanquished.

Notes
Turn   | Place    | Note
-------+----------+-------------------------------------------
     0 | D        | Danienth the Demigod Transmuter began the quest for the
                  | Orb.
     0 | D        | Reached XP level 1. HP: 15/15 MP: 5/5
     2 | D        | Noticed Ijyb
     8 | D        | Paralysed by Ijyb for 2 turns
    14 | D        | Paralysed by Ijyb for 4 turns
    22 | D        | Killed Ijyb
    23 | D        | Reached skill level 1 in Fighting
    23 | D        | Reached skill level 4 in Unarmed Combat
    23 | D        | Reached XP level 2. HP: 4/23 MP: 5/8
   119 | D        | Noticed an ogre
   127 | D        | Killed an ogre
   128 | D        | Reached skill level 6 in Unarmed Combat
   128 | D        | Reached XP level 3. HP: 28/28 MP: 7/10
   128 | D        | Reached XP level 4. HP: 35/35 MP: 8/12
   162 | D        | Noticed Sigmund
   169 | D        | Killed Sigmund
   170 | D        | Reached skill level 7 in Unarmed Combat
   170 | D        | Reached XP level 5. HP: 34/41 MP: 12/14
   182 | D        | Noticed a slime creature
   195 | D        | Slain by a slime creature

Illustrated notes

Levels and vault maps discovered:
D:        dungeon_sprint_1 [red_sonja_temple_1, red_sonja_temple_small_1]

Skill      XL: |  1  2  3  4 |
---------------+-------------+-----
Fighting       | 1 |  1.7
Dodging        | 2 3 4 |  4.2
Unarmed Combat | 4 6 7 |  7.9
Spellcasting   | 2 3 4 |  4.3
Transmutations | 2 3 4 |  4.3
Stealth        | 2 4 |  4.5
Armour         | |  0.8

Action                     |  1- 3 |  4- 6 || total
---------------------------+-------+-------++-------
  Melee: Unarmed           |    19 |    16 ||    35
         Kick              |     7 |     5 ||    12
         Headbutt          |     4 |     1 ||     5
   Cast: Beastly Appendage |     3 |     2 ||     5
  Evoke: Wand              |     1 |       ||     1
    Use: Potion            |     1 |       ||     1
   Stab: Paralysed         |     5 |       ||     5
 Armour: Leather armour    |       |     2 ||     2
  Dodge: Dodged            |     5 |     5 ||    10

Table legend: (Time is in decaauts)
 A = Elapsed time spent in this place.
 B = Non-inter-level travel time spent in this place.
 C = Inter-level travel time spent in this place.
 D = Time resting spent in this place.
 E = Time spent auto-exploring this place.
 F = Levels seen in this place.
 G = Mean time per level.
                   A        B        C        D        E       F      G
               +--------+--------+--------+--------+--------+-----+--------+
         Total |    191 |    185 |      6 |    104 |      0 |   1 |  191.0 |
       Dungeon |    191 |    185 |      6 |    104 |      0 |   1 |  191.0 |
               +--------+--------+--------+--------+--------+-----+--------+

Top non-repeatable levels by time:
       D: 191 daAuts
